 Dungeon Crawl Stone Soup version 0.30-a0-1164-ge08a67761e (webtiles) character file.

Game seed: 8637558473590664028

19380 cheesebisquit the Fighter (level 12, -12/113 HPs)
             Began as a Yellow Draconian Fire Elementalist on Apr 29, 2023.
             Was a High Priest of Vehumet.
             Mangled by a sun demon (14 damage)
             ... on level 12 of the Dungeon.
             The game lasted 01:08:20 (19263 turns).

cheesebisquit the Fighter (DrFE)                   Turns: 19263, Time: 01:08:20

Health: -12/113    AC: 16    Str: 10    XL:     12   Next: 36%
Magic:  5/24       EV: 20    Int: 21    God:    Vehumet [*****.]
Gold:   762        SH:  0    Dex: 12    Spells: 6/27 levels left

rFire   . . .        t - +5 morningstar
rCold   x . .        (no shield)
rNeg    . . .        (body armour unavailable)
rPois   .            d - +2 hat {Stlth+}
rElec   .            Q - +0 cloak
rCorr   +            a - +2 pair of gloves
SInv    .            r - +1 pair of boots
Will    +....        (no amulet)
Stlth   +++          E - ring of willpower
HPRegen 0.38/turn    J - +5 ring of evasion
MPRegen 0.19/turn

%: no passive effects
@: hasted, very quick
A: spit acid, AC +8, unfitting armour, cold-blooded, acid resistance,
teleportitis 1, cold vulnerability 1
a: Breathe Acid, Renounce Religion


You were on level 12 of the Dungeon.
You worshipped Vehumet.
Vehumet was extremely pleased with you.
You visited 2 branches of the dungeon, and saw 13 of its levels.
You also visited: Ossuary.

You collected 822 gold pieces.
You spent 60 gold pieces at shops.

Inventory:

Hand Weapons
 t - a +5 morningstar (weapon)
 D - a +3 dagger of holy wrath
 F - a +0 demon trident
 I - a +0 shortbow of electrocution
 M - a +0 war axe of flaming
 O - a +0 demon whip of venom
 R - a +2 spear of venom
Missiles
 b - a curare-tipped dart
 l - 4 boomerangs
 y - 32 poisoned darts
 N - a boomerang of dispersal
Armour
 a - a +2 pair of gloves (worn)
 d - a +2 hat of stealth (worn)
 r - a +1 pair of boots (worn)
 Q - a +0 cloak (worn)
 S - a +1 buckler of protection
Jewellery
 i - a ring of see invisible
 p - a ring of protection from cold
 B - an amulet of guardian spirit
 E - a ring of willpower (left hand)
 J - a +5 ring of evasion (right hand)
Wands
 z - a wand of paralysis (15)
 A - a wand of flame (26)
 G - a wand of iceblast (13)
Scrolls
 c - a scroll of torment {unknown}
 e - a scroll of blinking
 g - 3 scrolls of amnesia
 k - a scroll of silence {unknown}
 o - 3 scrolls of magic mapping
 s - a scroll of noise
 u - 2 scrolls of teleportation
 v - a scroll of immolation {unknown}
 w - 2 scrolls of butterflies
 x - 2 scrolls of fear
 L - a scroll of vulnerability {unknown}
 P - a scroll of poison
Potions
 f - 5 potions of degeneration
 h - 2 potions of might
 m - 2 potions of brilliance
 n - 6 potions of flight
 q - a potion of haste
 C - 2 potions of lignification
 H - a potion of curing
 K - 3 potions of attraction


   Skills:
 + Level 12.8 Fighting
 + Level 8.0 Dodging
 - Level 1.7 Stealth
 + Level 8.1 Spellcasting
 - Level 1.0 Conjurations
 * Level 12.4 Fire Magic


You had 6 spell levels left.
You knew the following spells:

 Your Spells              Type           Power      Damage    Failure   Level
a - Foxfire               Conj/Fire      100%       2x1d9     1%          1
b - Flame Wave            Conj/Fire      36%        2d10      1%          4
c - Inner Flame           Hex/Fire       34%        N/A       1%          3
d - Volatile Blastmotes   Fire/Tloc      68%        2d15      1%          3
e - Ignite Poison         Fire/Tmut/Pois 25%        N/A       1%          3
f - Fireball              Conj/Fire      18%        3d9       4%          5
z - Scorch                Fire           100%       2d9       1%          2

Your spell library contained the following spells:

 Spells                   Type           Power      Damage    Failure   Level
 Olgreb's Toxic Radiance  Pois           8%         N/A       21%         4
 Magic Dart               Conj           48%        1d5       1%          1
 Mephitic Cloud           Conj/Pois/Air  9%         N/A       5%          3
 Necrotise                Necr           32%        1d5       8%          1
 Slow                     Hex            32%        N/A       8%          1
 Call Imp                 Summ           16%        N/A       12%         2
 Sublimation of Blood     Necr           8%         N/A       12%         2
 Wereblood                Tmut           8%         N/A       12%         2
 Confusing Touch          Hex            8%         N/A       24%         3
 Portal Projectile        Hex/Tloc       16%        N/A       24%         3
 Tukima's Dance           Hex            8%         N/A       24%         3
 Vampiric Draining        Necr           8%         2d6       24%         3
 Iskenderun's Battlesphe  Conj           12%        2d7       34%         5
 Dispel Undead            Necr           8%         3d8       61%         4
 Manifold Assault         Tloc           8%         N/A       61%         4
 Iron Shot                Conj/Erth      5%         9d2       90%         6
 Agony                    Necr           8%         N/A       91%         5
 Blade Hands              Tmut           4%         N/A       91%         5
 Dispersal                Tloc           4%         N/A       100%        6
 Haunt                    Necr/Summ      4%         N/A       100%        7
 Spellforged Servitor     Conj/Summ      5%         N/A       100%        7
 Summon Hydra             Summ           4%         N/A       100%        7
 Disjunction              Tloc           4%         N/A       100%        8


Dungeon Overview and Level Annotations

Branches:
Dungeon (12/15)            Temple (1/1) D:6            Lair (0/5) D:10
    Orc (0/2) D:12        Ossuary (visited)

Altars:
Ashenzari
Cheibriados
Dithmenos
Elyvilon
Fedhas
Gozag
Hepliaklqana
Kikubaaqudgha
Makhleb
Nemelex Xobeh
Okawaru
Qazlal
Ru
Sif Muna
Trog
Uskayaw
Vehumet
Wu Jian
Xom
Yredelemnul
Zin
The Shining One

Shops:
D:2 (   D:10 *   D:12 :

Annotations:
D:10 2 transporters


Innate Abilities, Weirdness & Mutations

You can spit globs of acid.
Your golden yellow scales are hard. (AC +8)
You cannot fit into any form of body armour.
You are cold-blooded and may be slowed by cold attacks.
You are resistant to acid. (rCorr)
You are occasionally teleported next to monsters.
You are vulnerable to cold. (rC-)


Message History

The gargoyle hurls a stone arrow at you.
The stone arrow hits you!
You feel much better. The sun demon misses you.
The gargoyle completely misses you.
You completely miss the gargoyle.
The gargoyle is almost destroyed.
The sun demon completely misses you. The gargoyle closely misses you.
The sun demon hits you.
You are engulfed in flames!
You feel yourself speed up. The sun demon closely misses you.
The gargoyle hits you with a +0 mace.
You barely miss the gargoyle.
The gargoyle is almost destroyed.
The sun demon hits you but does no damage.
The gargoyle completely misses you. The sun demon barely misses you.
Casting: Foxfire (safe; 1% risk of failure)
Confirm with . or Enter, or press ? or * to list all spells.
Flames lash the sun demon.
The sun demon completely resists.
The gargoyle barely misses you.
Casting: Scorch (safe; 1% risk of failure)
Confirm with . or Enter, or press ? or * to list all spells.
Flames lash the sun demon.
The sun demon completely resists.
The sun demon closely misses you. The gargoyle completely misses you.
Casting: Foxfire (safe; 1% risk of failure)
Press: ? - help, Q - select action, (/) - cycle Dir - look around, f - activate You conjure some foxfire!
The sun demon hits you!
* * * LOW HITPOINT WARNING * * *
You are engulfed in flames!
* * * LOW HITPOINT WARNING * * *
Casting: Foxfire (safe; 1% risk of failure)
Press: ? - help, Q - select action, (/) - cycle Dir - look around, f - activate You conjure some foxfire!
The foxfire hits the gargoyle but does no damage.
The gargoyle is almost destroyed.
The foxfire hits the sun demon.
The sun demon completely resists.
The gargoyle hits you but does no damage.
The sun demon hits you!
* * * LOW HITPOINT WARNING * * *
You are engulfed in flames!
You die...

#...## ###########
#....#### #....))...###
#.......# #.###)###...#
#........ #.#8)))8#...#
......... #.#)))))#...#
#........
##.#..>))#...###§v......
#..#.....#..##[v@.......
...#8...8#......93..##..
...#######..............
...##.......#.........#.
....#.......##......(#....
#......#....###..........
##.##.###....###........
...######........##..#.#
.#.....#.........##..#.###


You could see a sun demon (ally target) and a gargoyle (ally target).

Vanquished Creatures
  A centaur warrior (D:11)
  Amaemon (D:10)
  An ugly thing (D:12)
  2 cyclopes
  Maggie (D:8)
  An unseen horror (D:11)
  3 orange demons
  2 kobold demonologists
  2 ice devils (D:12)
  A hellwing (D:11)
  2 red devils
  3 trolls
  A shadow (D:10)
  2 wraiths
  Eustachio (D:6)
  A wyvern (D:11)
  34 yaks
  2 steam dragons
  A vampire (D:11)
  2 chaos spawn
  A neqoxec (D:11)
  Menkaure (D:7)
  4 vampire mosquitoes (D:11)
  An acid dragon (D:11)
  2 water moccasins
  2 sky beasts
  3 black bears
  An ice beast (D:5)
  7 orc warriors
  4 ogres (D:12)
  6 centaurs
  2 phantoms
  3 elf zombies (Ossuary)
  6 kobold brigands
  2 bullfrogs (D:9)
  2 gnoll sergeants (D:12)
  5 scorpions
  5 wights (D:9)
  17 killer bees
  A howler monkey (D:5)
  5 electric eels (D:7)
  7 quasits
  2 centaur zombies (Ossuary)
  5 hounds
  A human zombie (Ossuary)
  3 jellies
  6 orc priests
  3 iguanas
  9 orc wizards
  2 hound zombies (Ossuary)
  3 mummies (Ossuary)
  7 gnolls
  3 adders (D:5)
  A shadow imp (D:7)
  A white imp (D:6)
  2 ufetubi
  5 adder zombies (Ossuary)
  4 worms
  2 dart slugs
  46 orcs
  5 ball pythons
  6 bats
  9 endoplasms
  3 giant cockroaches
  A gnoll zombie (Ossuary)
  7 goblins
  8 hobgoblins
  3 jackals (D:4)
  30 kobolds
  5 quokkas
  A frilled lizard (D:2)
  4 goblin zombies
  3 hobgoblin zombies (Ossuary)
  5 jackal zombies (Ossuary)
  An orc zombie (Ossuary)
  A quokka zombie (Ossuary)
  5 rats
  9 rat zombies (Ossuary)
  A spectral orc (D:4)
363 creatures vanquished.

Vanquished Creatures (collateral kills)
  2 foxfires (D:12)
2 creatures vanquished.

Vanquished Creatures (others)
  6 demonic plants (D:12)
  1197 foxfires
  18 fungi (D:6)
  11 plants (D:7)
1232 creatures vanquished.

Grand Total: 1597 creatures vanquished

Notes
Turn   | Place    | Note
-------+----------+-------------------------------------------
     0 | D:1      | cheesebisquit the Draconian Fire Elementalist began the
                  | quest for the Orb.
     0 | D:1      | Reached XP level 1. HP: 14/14 MP: 3/3
   117 | D:1      | Reached skill level 1 in Fighting
   194 | D:1      | Reached XP level 2. HP: 9/24 MP: 3/5
   731 | D:2      | Reached XP level 3. HP: 31/31 MP: 1/6
  1288 | D:2      | Found Byatux's Weapon Boutique.
  2037 | D:3      | Reached XP level 4. HP: 10/41 MP: 0/7
  2287 | D:3      | Found a glowing silver altar of Zin.
  2352 | D:3      | Found a burning altar of Makhleb.
  2370 | D:4      | Noticed a black bear
  2370 | D:4      | Noticed a sky beast
  2398 | D:4      | Killed a sky beast
  2399 | D:4      | Reached skill level 5 in Fighting
  2399 | D:4      | Reached XP level 5. HP: 50/50 MP: 1/8
  2479 | D:4      | Found a sand-covered staircase.
  2490 | Ossuary  | Entered an ossuary
  2922 | Ossuary  | Reached XP level 6. HP: 38/58 MP: 0/9
  3625 | Ossuary  | Your scales start taking on a golden yellow colour.
  3625 | Ossuary  | Reached XP level 7. HP: 67/68 MP: 6/10
  3625 | Ossuary  | Gained mutation: You are resistant to acid. (rCorr) [Yellow
                  | Draconian growth]
  3919 | D:4      | Found an ornate altar of the Wu Jian Council.
  4598 | D:4      | Learned a level 2 spell: Scorch
  4602 | D:4      | Learned a level 3 spell: Inner Flame
  4611 | D:4      | Learned a level 3 spell: Volatile Blastmotes
  4825 | D:4      | Found a glowing golden altar of the Shining One.
  4975 | D:4      | Found a basalt altar of Yredelemnul.
  5118 | D:5      | Entered Level 5 of the Dungeon
  5311 | D:4      | Reached XP level 8. HP: 74/78 MP: 8/11
  5525 | D:5      | Found a shimmering altar of Xom.
  5933 | D:5      | Found a radiant altar of Vehumet.
  5942 | D:5      | Became a worshipper of Vehumet
  6740 | D:5      | Reached skill level 5 in Fire Magic
  6854 | D:5      | You fall into a shaft and drop 1 floor!
  7175 | D:5      | Found a shimmering blue altar of Sif Muna.
  7243 | D:6      | Noticed Eustachio
  7378 | D:6      | Found a staircase to the Ecumenical Temple.
  7408 | D:6      | Found a sparkling altar of Nemelex Xobeh.
  7952 | Temple   | Entered the Ecumenical Temple
  8367 | D:6      | Reached XP level 9. HP: 85/85 MP: 9/14
  8372 | D:6      | Killed Eustachio
  8373 | D:6      | Reached skill level 10 in Fighting
  8577 | D:6      | Found a white marble altar of Elyvilon.
  8756 | D:6      | Reached * piety under Vehumet
  8756 | D:6      | Offered knowledge of Freeze by Vehumet.
  8762 | D:6      | Learned a level 4 spell: Flame Wave
  9196 | D:6      | Found a white marble altar of Elyvilon.
  9221 | D:6      | Found a staircase to the Ecumenical Temple.
  9608 | D:6      | Found a sparkling altar of Nemelex Xobeh.
  9916 | D:7      | Noticed Menkaure
  9922 | D:7      | Killed Menkaure
 10475 | D:7      | Offered knowledge of Sandblast by Vehumet.
 10478 | D:7      | Reached ** piety under Vehumet
 11143 | D:8      | Found a shadowy altar of Dithmenos.
 11148 | D:8      | Got the Volume of the Modern Coins
 11254 | D:8      | Found a blossoming altar of Fedhas.
 11321 | D:8      | Reached skill level 5 in Spellcasting
 11335 | D:8      | Reached skill level 5 in Dodging
 11441 | D:8      | Reached XP level 10. HP: 93/94 MP: 2/17
 11841 | D:8      | Noticed Maggie
 11853 | D:8      | Killed Maggie
 12097 | D:9      | Offered knowledge of Momentum Strike by Vehumet.
 12125 | D:9      | Reached *** piety under Vehumet
 12661 | D:9      | Offered knowledge of Ignite Poison by Vehumet.
 12882 | D:9      | Found an ancient bone altar of Kikubaaqudgha.
 12887 | D:9      | Learned a level 3 spell: Ignite Poison
 13430 | D:10     | Entered Level 10 of the Dungeon
 13545 | D:10     | Found a staircase to the Lair.
 13868 | D:10     | Noticed Amaemon
 13868 | D:10     | Noticed an orange demon
 13874 | D:10     | Killed Amaemon
 13876 | D:10     | Killed an orange demon
 13885 | D:10     | Reached skill level 10 in Fire Magic
 13885 | D:10     | Reached XP level 11. HP: 75/102 MP: 1/20
 14246 | D:10     | Found Zonuybut's General Store.
 14252 | D:10     | Bought a scroll of poison for 40 gold pieces
 14252 | D:10     | Bought a scroll of identify for 20 gold pieces
 14305 | D:10     | Noticed a wolf spider
 14306 | D:10     | Found a transporter.
 14306 | D:10     | Found a sacrificial altar of Ru.
 14306 | D:10     | Found a bloodstained altar of Trog.
 14306 | D:10     | Noticed an ogre mage
 14446 | D:10     | Found a transporter.
 14697 | D:11     | Noticed a centaur warrior
 14706 | D:11     | Killed a centaur warrior
 14966 | D:11     | Reached **** piety under Vehumet
 15928 | D:11     | Offered knowledge of Fireball by Vehumet.
 15935 | D:11     | Learned a level 5 spell: Fireball
 16598 | D:12     | Found Qomiaz's Book Shop.
 16833 | D:12     | Gained mutation: You are vulnerable to cold. (rC-) [a
                  | neqoxec]
 16840 | D:11     | Gained mutation: You are occasionally teleported next to
                  | monsters. [a neqoxec]
 17192 | D:11     | Reached XP level 12. HP: 38/113 MP: 2/23
 18869 | D:12     | Identified the +3 spear of the Shoals {flame, rN+ rCorr
                  | Int-4}
 18947 | D:12     | Found a staircase to the Orcish Mines.
 18976 | D:12     | Reached ***** piety under Vehumet
 18991 | D:12     | Offered knowledge of Olgreb's Toxic Radiance by Vehumet.
 19263 | D:12     | HP: 2/113 [sun demon (14)]
 19263 | D:12     | Mangled by a sun demon

Illustrated notes

Levels and vault maps discovered:
D:1:      minmay_arrival_stair_chambers, layout_rooms,
          chequers_serial_rivers_micro_a
D:2:      layout_basic, serial_shops, shop
D:3:      layout_rooms, zin_statuary, lightli_temple_of_fire
D:4:      layout_cave_pods, lemuel_tele_altar, nicolae_overflow_crystal_walls,
          yredelemnul_forgotten_temple_becter, enter_ossuary_4
D:5:      layout_loops_ring, mainiacjoe_overflow_24_doors,
          vehumet_altar_wand_db, nicolae_sif_muna_little_library, st_stairs_9
D:6:      layout_loops_cross, mainiacjoe_overflow_cross_hatched,
          nemelex_spade_bored_becter, minmay_temple_entry_trees, uniq_eustachio
D:7:      layout_rooms, chequers_big_river, nicolae_eternal_life, uniq_menkaure
D:8:      layout_rooms, grunt_dithmenos_smoke, fedhas_ov_isle_minmay,
          minivault_5, uniq_maggie
D:9:      layout_stronghold, mainiacjoe_overflow_alcove_1
D:10:     layout_loops_ring, gammafunk_temple_overflow_arena, lair_entry_dummy,
          special_room [special_room_orc], serial_shops,
          nicolae_shop_tiny_statue_garden, uniq_amaemon
D:11:     layout_irregular_city
D:12:     layout_cave_pools, kennysheep_orc_monster_closet_entryway,
          serial_shops, nicolae_shop_tiny_statue_garden, serial_demonic,
          serial_demonic_e, serial_demonic_a, serial_demonic_e,
          serial_demonic_d, serial_demonic_b, serial_demonic_e,
          serial_demonic_a, serial_demonic_e, serial_demonic_a, serial_demonic_b
Temple:   nicolae_temple_bog_church

Skill      XL: |  1  2  3  4  5  6  7  8  9 10 11 12 |
---------------+-------------------------------------+-----
Fighting       | 1 3 4 5 6 8 9 10 11 12 | 12.8
Dodging        | 2 3 5 6 7 8 |  8.0
Fire Magic     | 6 8 10 11 12 | 12.4
Spellcasting   | 3 5 6 7 8 |  8.1
Stealth        | |  1.7
Conjurations   | |  1.0

Action                     |  1- 3 |  4- 6 |  7- 9 | 10-12 || total
---------------------------+-------+-------+-------+-------++-------
  Melee: Short sword       |    32 |    78 |    23 |       ||   133
         Tailslap          |     7 |    15 |    22 |     3 ||    47
         Dagger            |       |       |   133 |       ||   133
         Punch             |       |       |     7 |     1 ||     8
         Morningstar       |       |       |       |    24 ||    24
   Fire: Shortbow          |       |       |     9 |   106 ||   115
  Throw: Dart              |       |       |       |     1 ||     1
         Throwing net      |       |       |       |     1 ||     1
   Cast: Foxfire           |    71 |   105 |   263 |   240 ||   679
         Scorch            |       |       |   101 |   183 ||   284
         Inner Flame       |       |       |       |    62 ||    62
         Volatile Blastmot |       |       |       |     3 ||     3
         Fireball          |       |       |       |     1 ||     1
Ability: Breathe Acid      |       |       |     3 |     3 ||     6
  Evoke: Wand              |       |       |       |     4 ||     4
    Use: Potion            |     1 |       |     4 |     8 ||    13
         Scroll            |       |     4 |    16 |     8 ||    28
 Armour: Skin              |    18 |    35 |   120 |   131 ||   304
  Dodge: Dodged            |    38 |    52 |   221 |   428 ||   739

Table legend: (Time is in decaauts)
 A = Elapsed time spent in this place.
 B = Non-inter-level travel time spent in this place.
 C = Inter-level travel time spent in this place.
 D = Time resting spent in this place.
 E = Time spent auto-exploring this place.
 F = Levels seen in this place.
 G = Mean time per level.
                   A        B        C        D        E       F      G
               +--------+--------+--------+--------+--------+-----+--------+
         Total |  19352 |  18265 |   1087 |    787 |  14631 |  14 | 1382.3 |
       Dungeon |  17787 |  16726 |   1061 |    627 |  13554 |  12 | 1482.2 |
        Temple |    243 |    217 |     26 |      0 |    210 |   1 |  243.0 |
       Ossuary |   1320 |   1320 |      0 |    160 |    866 |   1 | 1320.0 |
               +--------+--------+--------+--------+--------+-----+--------+

Top non-repeatable levels by time:
    D:11: 2962 daAuts
    D:10: 1999 daAuts
     D:5: 1995 daAuts
     D:4: 1953 daAuts
     D:6: 1715 daAuts
     D:9: 1482 daAuts
     D:7: 1410 daAuts
 Ossuary: 1320 daAuts
     D:2: 1101 daAuts
     D:8: 1009 daAuts
    D:12: 809 daAuts
     D:3: 697 daAuts
     D:1: 651 daAuts
  Temple: 243 daAuts
